 Dungeon Crawl Stone Soup version 0.31-a0-675-g238779eb0a (webtiles) character file.

Game seed: 4782604803382899319

256 qw the Shooter (level 6, -6/38 HPs)
             Began as a Gargoyle Hunter on Sept 5, 2023.
             Mangled by a gnoll sergeant
             ... wielding a +2 vampiric spear
              (10 damage)
             ... on level 4 of the Dungeon.
             The game lasted 00:01:13 (2699 turns).

qw the Shooter (Gargoyle Hunter)                    Turns: 2699, Time: 00:01:13

Health: -6/38      AC:  8    Str: 15    XL:     6   Next: 16%
Magic:  6/6        EV: 11    Int:  9    God:
Gold:   199        SH:  0    Dex: 15    Spells: 5/5 levels left

rFire   . . .        Y - +0 shortbow
rCold   . . .        (shield currently unavailable)
rNeg    + . .        c - +0 leather armour
rPois   inf          (no helmet)
rElec   +            (no cloak)
rCorr   .            (no gloves)
SInv    .            a - +0 pair of boots
Will    .....        (no amulet)
Stlth   ++           (no ring)
HPRegen 0.26/turn    (no ring)
MPRegen 0.10/turn

%: no passive effects
@: about to teleport
A: sickness immunity, AC +4, negative energy resistance 1, electricity
resistance, torment resistance 1, petrification resistance
a: no special abilities


You were on level 4 of the Dungeon.
You visited 1 branch of the dungeon, and saw 4 of its levels.

You collected 219 gold pieces.
You spent 20 gold pieces at shops.


Innate Abilities, Weirdness & Mutations

You are immune to sickness and miasma.
Your stone body is resilient. (AC +4)
You are immune to poison.
You resist negative energy. (rN+)
You are resistant to electric shocks. (rElec)
You are resistant to unholy torment.
You are immune to petrification.


   Skills:
 - Level 4.2 Fighting
 + Level 6.1 Ranged Weapons
 - Level 1.5 Armour
 - Level 1.5 Dodging
 - Level 1.1 Stealth


You had 5 spell levels left.
You didn't know any spells.
Your spell library was empty.

Inventory:

Hand Weapons
 Y - a +0 shortbow (weapon)
Armour
 a - a +0 pair of boots (worn)
 c - a +0 leather armour (worn)
 f - a +0 ring mail
Scrolls
 b - a scroll of amnesia {unknown}
 i - 2 scrolls of identify
Potions
 d - a potion of ambrosia {unknown}
 e - a potion of curing
 j - a potion of might {unknown}
 l - a potion of invisibility {unknown}

Dungeon Overview and Level Annotations

Branches:
Dungeon (4/15)
 Temple: D:4-7

Altars:
Nemelex Xobeh

Shops:
D:1 ?


Message History

2690 |||
Found retreat position at -1,0 (floor) with 0 blocking monsters and 2 monsters attacking at destination at distance 1
2690 ||| Stepping ~*~*~tactically~*~*~ (retreating).
You shoot an arrow. The arrow hits the gnoll.
The gnoll is lightly wounded.
You shoot an arrow. The arrow barely misses the gnoll.
You shoot an arrow. The arrow hits the gnoll!
The gnoll is severely wounded.
The gnoll hits you with a +0 club.
The gnoll sergeant completely misses you.
Enter note:
Enter note:
Enter note:
2694 |||
Found retreat position at -1,0 (floor) with 0 blocking monsters and 2 monsters attacking at destination at distance 1
Enter note:
Enter note:
Enter note:
2694 ||| Stepping ~*~*~tactically~*~*~ (retreating).
The gnoll attacks as it pursues you! The gnoll hits you with a +0 club.
The gnoll sergeant attacks as it pursues you!
The gnoll sergeant hits you from afar with a +2 vampiric spear.
You shoot an arrow. The arrow closely misses the gnoll.
The gnoll sergeant blocks the arrow.
The gnoll completely misses you.
The gnoll sergeant hits you from afar with a +2 vampiric spear!
You shoot an arrow. The arrow closely misses the gnoll.
The arrow hits the gnoll sergeant but does no damage.
The gnoll misses you. The gnoll sergeant barely misses you.
The gnoll barely misses you.
You shoot an arrow. The arrow barely misses the gnoll.
The gnoll sergeant blocks the arrow.
The gnoll sergeant hits you from afar with a +2 vampiric spear!
The gnoll completely misses you.
2698 ||| READING scroll of teleportation.
As you read the scroll of teleportation, it crumbles to dust.
You feel strangely unstable. The gnoll sergeant barely misses you.
The gnoll closely misses you.
You shoot an arrow. The arrow hits the gnoll.
The gnoll is almost dead.
The gnoll sergeant hits you from afar with a +2 vampiric spear!
You die...

#.....#...#.#.....
#..$............#
####..g.........#
###.......##... #
#>..g....## ... #.
#..g......##... #..
#..........#...
#...####gg............
#....@ggg............#
#...####g.<.......#...
#.. ##..........#...
#. . #....##......)..
.. .>...##.###..#.....
.# ##...##.###..#.....
.........#...#.....
.##................
#.......#........


You could see a gnoll sergeant and 5 gnolls.

Vanquished Creatures
  2 orc priests (D:4)
  An iguana (D:4)
  An orc wizard (D:4)
  5 adders
  2 worms
  3 dart slugs
  11 orcs
  2 ball pythons
  5 endoplasms
  A giant cockroach (D:3)
  2 goblins
  10 hobgoblins
  8 jackals
  3 quokkas
  3 bats (D:1)
  2 frilled lizards (D:3)
  9 kobolds
  6 rats
76 creatures vanquished.

Notes
Turn   | Place    | Note
-------+----------+-------------------------------------------
     0 | D:1      | qw the Gargoyle Hunter began the quest for the Orb.
     0 | D:1      | Reached XP level 1. HP: 12/12 MP: 1/1
     0 | D:1      | 0 ||| qw: Version: 0.3-a-75-g829b12e
     0 | D:1      | 0 ||| qw: Game counter: 105
     0 | D:1      | 0 ||| qw: Melee chars always use a shield: true
     0 | D:1      | 0 ||| qw: God list: Okawaru
     0 | D:1      | 0 ||| qw: Allow faded altars: false
     0 | D:1      | 0 ||| qw: Do Orc after clearing Dungeon:15 true
     0 | D:1      | 0 ||| qw: Do second Lair branch before Depths: true
     0 | D:1      | 0 ||| qw: Lair rune preference: random
     0 | D:1      | 0 ||| qw: Goals: Normal
     0 | D:1      | 0 ||| PLANNING D:1-11
   159 | D:1      | Reached XP level 2. HP: 17/17 MP: 2/2
   197 | D:1      | Found Xeghous's Magic Scroll Boutique.
   203 | D:1      | 203 ||| BUYING scroll of identify (20 gold).
   203 | D:1      | Bought a scroll of identify for 20 gold pieces
   203 | D:1      | 203 ||| SHOPLISTING scroll of identify (20 gold, have 11).
   203 | D:1      | 203 ||| SHOPLISTING scroll of teleportation (30 gold, have
                  | 11).
   686 | D:1      | 686 ||| READING 2 scrolls labelled JADGHI HAUR.
   687 | D:1      | 687 ||| READING scroll labelled WUREPN TAFOU.
   688 | D:1      | 688 ||| READING scroll labelled MUOWIN WIALIHE.
   693 | D:1      | 693 ||| READING scroll labelled ARUUJO PAUF.
   694 | D:1      | 694 ||| DRINKING 2 ruby potions.
   695 | D:1      | 695 ||| DROPPING scroll of vulnerability.
   696 | D:1      | 696 ||| DROPPING scroll of butterflies.
   721 | D:2      | 721 ||| STAIRDANCE
   743 | D:2      | Reached skill level 5 in Ranged Weapons
   743 | D:2      | Reached XP level 3. HP: 21/21 MP: 3/3
  1273 | D:2      | Reached skill level 3 in Fighting
  1555 | D:2      | 1555 ||| UPGRADING to +0 pair of boots.
  1560 | D:2      | 1560 ||| READING 2 scrolls of identify.
  1560 | D:2      | 1560 ||| IDENTIFYING fizzy clear potion
  1611 | D:3      | Reached XP level 4. HP: 28/28 MP: 4/4
  2248 | D:3      | Found a sparkling altar of Nemelex Xobeh.
  2258 | D:3      | 2258 ||| READING scroll labelled XIATEU ECOO.
  2259 | D:3      | 2259 ||| READING scroll labelled FOUPPONATHA.
  2260 | D:3      | 2260 ||| DRINKING 2 clear potions.
  2285 | D:3      | 2285 ||| DROPPING potion of lignification.
  2323 | D:4      | 2323 ||| PLANNING OSSUARY
  2354 | D:4      | 2354 ||| Stepping ~*~*~tactically~*~*~ (retreating).
  2356 | D:4      | Reached skill level 6 in Ranged Weapons
  2356 | D:4      | Reached XP level 5. HP: 17/32 MP: 5/5
  2361 | D:4      | Reached skill level 1 in Armour
  2513 | D:4      | HP: 5/32 [iguana (4)]
  2514 | D:4      | 2514 ||| DRINKING 2 potions of heal wounds.
  2570 | D:4      | Reached XP level 6. HP: 16/38 MP: 6/6
  2579 | D:4      | HP: 9/38 [orc/+0 trident (3)]
  2580 | D:4      | 2580 ||| DRINKING potion of heal wounds.
  2678 | D:4      | 2678 ||| RETREATING.
  2683 | D:4      | 2683 ||| Stepping ~*~*~tactically~*~*~ (retreating).
  2684 | D:4      | 2684 ||| FLEEEEING.
  2687 | D:4      | 2687 ||| Stepping ~*~*~tactically~*~*~ (retreating).
  2688 | D:4      | 2688 ||| Stepping ~*~*~tactically~*~*~ (retreating).
  2689 | D:4      | 2689 ||| Stepping ~*~*~tactically~*~*~ (retreating).
  2690 | D:4      | 2690 ||| Stepping ~*~*~tactically~*~*~ (retreating).
  2694 | D:4      | 2694 ||| Stepping ~*~*~tactically~*~*~ (retreating).
  2697 | D:4      | HP: 3/38 [gnoll sergeant/+2 vampiric spear (9)]
  2698 | D:4      | 2698 ||| READING scroll of teleportation.
  2699 | D:4      | Mangled by a gnoll sergeant

Levels and vault maps discovered:
D:1:      lemuel_arrival_muddy, layout_basic, serial_shops, nicolae_square_shop
D:2:      layout_basic
D:3:      layout_basic, nemelex_diamond_rough_becter
D:4:      layout_rooms, enter_ossuary_1, st_stairs_1

Skill      XL: |  1  2  3  4  5 |
---------------+----------------+-----
Ranged Weapons | 5 6 |  6.1
Fighting       | 3 4 |  4.2
Armour         | 1 |  1.5
Dodging        | |  1.5
Stealth        | |  1.1

Action                     |  1- 3 |  4- 6 || total
---------------------------+-------+-------++-------
   Fire: Shortbow          |    98 |   220 ||   318
    Use: Scroll            |     5 |     3 ||     8
         Potion            |     1 |     3 ||     4
 Armour: Leather armour    |    26 |   104 ||   130
  Dodge: Dodged            |    27 |    94 ||   121

Table legend:
 A = Non-vault XP
 B = Vault XP
 C = Vault XP percentage of total XP
 D = Non-vault monster count
 E = Vault monster count
 F = Vault count percentage of total count
                 A         B        C        D         E       F
            +---------+---------+-------+---------+---------+-------
      Total |     362 |       5 |   1.4 |      74 |       2 |   2.6
            +---------+---------+-------+---------+---------+-------
        D:1 |      30 |       0 |   0.0 |      17 |       0 |   0.0
        D:2 |      50 |       0 |   0.0 |      11 |       0 |   0.0
        D:3 |      75 |       0 |   0.0 |      23 |       0 |   0.0
        D:4 |     207 |       5 |   2.4 |      23 |       2 |   8.0
            +---------+---------+-------+---------+---------+-------
